 Dungeon Crawl Stone Soup version 0.8.0-170-g5a2df49 character file.

2845 lingerstink the Firebug (level 9, -4/78 HPs)
             Began as an Ogre Fire Elementalist on May 27, 2011.
             Was a Follower of Vehumet.
             Slain by Prince Ribbit (8 damage)
             ... while paralysed
             ... on Level 7 of the Dungeon.
             The game lasted 01:01:15 (10758 turns).

lingerstink the Firebug (Ogre Fire Elementalist)   Turns: 10758, Time: 01:01:20

HP  -4/78        AC  4     Str 15 Exp: 9/3599 (104), need: 701
MP  18/21        EV  1     Int 17      God: Vehumet [*.....]
Gold 326         SH  0     Dex 15      Spells:  4 memorised, 10 levels left

Res.Fire  : . . .   See Invis. : .   F - +2,+0 whip (venom)
Res.Cold  : . . .   Warding    : . . z - +1 orc robe (curse)
Life Prot.: . . .   Conserve   : .   (shield restricted)
Res.Acid. : . . .   Res.Corr.  : .   (helmet restricted)
Res.Poison: .       Clarity    : .   (no cloak)
Res.Elec. : .       Spirit.Shd : .   (gloves unavailable)
Sust.Abil.: . .     Stasis     : .   (boots unavailable)
Res.Mut.  : .       Ctrl.Telep.: .   (no amulet)
Res.Rott. : .       Levitation : .   G - +5 ring of dexterity
Saprovore : + . .   Ctrl.Flight: .   u - ring of protection from magic

@: paralysed, very poisoned, slowed, very slow, quite resistant to hostile
enchantments, unstealthy
A: unfitting armour, fast metabolism 1, saprovore 1, tough skin 1
a: Renounce Religion


You were on level 7 of the Dungeon.
You worshipped Vehumet.
Vehumet was most pleased with you.
You were near starving.

You visited 2 branches of the dungeon, and saw 8 of its levels.
You visited 1 portal chamber: sewer.

You collected 370 gold pieces.
You spent 64 gold pieces at shops.

Inventory:

Hand weapons
 g - a -1,+0 orcish club (quivered)
 i - a +0,+0 whip
 n - a +2,+2 dwarven short sword
 q - a +0,+0 mace
 v - a +0,+1 dwarven flail
 F - a +2,+0 whip of venom (weapon)
Armour
 z - a cursed +1 orcish robe (worn)
Comestibles
 c - a meat ration
 w - 8 grapes
Scrolls
 d - 5 scrolls of detect curse
 e - a scroll of enchant armour {unknown}
 h - 3 scrolls of identify
 k - a scroll of curse armour
 o - a scroll of remove curse {unknown}
 y - 2 scrolls of fear
 C - 2 scrolls of curse weapon {unknown}
Jewellery
 j - an uncursed ring of invisibility
 m - a +1 ring of strength
 u - a ring of protection from magic (left hand)
 G - a +5 ring of dexterity (right hand)
Potions
 f - a potion of confusion
 p - 3 potions of levitation
 I - a potion of heal wounds {unknown}
Books
 b - a book of Flames

   Spells                             Type                      Level
   *Flame Tongue                      Conjuration/Fire             1
   Throw Flame                        Conjuration/Fire             2
   *Conjure Flame                     Conjuration/Fire             3
   *Sticky Flame                      Conjuration/Fire             4
   Bolt of Fire                       Conjuration/Fire             6
   Fireball                           Conjuration/Fire             6
 H - a book of Burglary

   Spells                             Type                      Level
   Apportation                        Translocation                1
   *Swiftness                         Charms/Air                   2
   Passwall                           Transmutation/Earth          3
   Control Teleport                   Charms/Translocation         4
   Lee's Rapid Deconstruction         Earth                        5
   Passage of Golubria                Translocation                4
   Darkness                           Hexes                        7
   You had 104 experience left.


   Skills:
 + Level 3 Fighting
 + Level 6 Maces & Flails
 - Level 2 Dodging
 - Level 1 Stealth
 + Level 6 Spellcasting
 + Level 7 Conjurations
 + Level 7 Fire Magic


You had 10 spell levels left.
You knew the following spells:

 Your Spells              Type           Power        Success   Level  Hunger
a - Flame Tongue          Fire/Conj      #####.       Excellent   1    None
b - Conjure Flame         Fire/Conj      #####....    Excellent   3    Choko
c - Sticky Flame          Fire/Conj      #####....    Great       4    Honeycomb
d - Swiftness             Air/Chrm       ##........   Good        2    None

Dungeon Overview and Level Annotations

Branches:
Dungeon (7/27)             Temple (1/1) D:5
    Orc: D:6-11

Altars:
Ashenzari
Cheibriados
Elyvilon
Fedhas
Makhleb
Okawaru
Sif Muna
The Shining One
Trog
Vehumet
Xom
Yredelemnul
Zin

Shops:
D:5: *

Annotations
D:3 exclusion: Ijyb
D:5 exclusion: troll
D:6 1 exclusion


Innate Abilities, Weirdness & Mutations

You are too large for most types of armour.
You have a fast metabolism.
You can tolerate rotten meat.
You have tough skin (AC +1).


Message History

PillowLord's ghost (experienced Demonspawn Crusader) comes into view.
* * * LOW HITPOINT WARNING * * *
You feel sick.
Prince Ribbit gives a loud, deep croak!
PillowLord's ghost turns its malevolent gaze towards you.
Prince Ribbit hits you!
You die...

∙∙∙∙▒▒▒▒▒▒
∙∙∙ ∙∙∙ ∙∙∙
▒∙▒ ▒∙▒
▒▒▒▒∙▒▒▒
▒∙∙∙∙∙∙▒▒▒▒▒▒
▒∙∙∙@∙∙p∙∙∙∙∙
▒∙∙∙∙F∙▒▒▒▒▒▒
▒∙!∙∙∙∙∙▒ ▒
▒∙∙∙▒▒▒▒∙▒▒
∙∙▒ ∙▒ ∙▒ ∙▒
∙▒ ∙


You could see Prince Ribbit and PillowLord's ghost.

Vanquished Creatures
  A giant amoeba (D:6)
  Grinder (D:5)
  The ghost of Puck the Ducker, an experienced SpAs (D:6)
  The ghost of Eleclight the Digger, an average SEEE (Port)
  2 ice beasts (D:6)
  2 ogres
  A phantom (D:6)
  Sigmund (D:3)
  Duvessa (D:7)
  4 hounds
  An orc priest (D:6)
  A siren (Port)
  3 imps (D:6)
  A scorpion (D:6)
  3 orc wizards (D:4)
  A worker ant (D:5)
  A mermaid (Port)
  4 jellies (D:6)
  3 gnolls (D:6)
  2 scorpion zombies (D:6)
  9 snakes
  A snake skeleton (D:4)
  6 giant mites
  A green rat (Port)
  A worm (D:2)
  3 grey rats (Port)
  A giant eyeball (D:6)
  6 giant geckos
  10 oozes
  16 orcs
  6 giant cockroaches
  14 goblins
  17 hobgoblins
  19 kobolds
  6 giant newts
  A hobgoblin skeleton (D:4)
  7 jackals (D:5)
  11 megabats
  31 rats
  7 small snakes
  A butterfly (D:6)
  4 toadstools
213 creatures vanquished.

Vanquished Creatures (others)
  A giant gecko skeleton (D:4)
  A giant newt (D:3)
  A rat (D:5)
  8 fungi (D:6)
  9 toadstools
20 creatures vanquished.

Grand Total: 233 creatures vanquished

Notes
Turn   | Place    | Note
--------------------------------------------------------------
     0 | D:1      | lingerstink, the Ogre Fire Elementalist, began the quest for the Orb.
     0 | D:1      | Reached XP level 1. HP: 13/13 MP: 3/3
    46 | D:1      | Reached skill level 2 in Fire Magic
   165 | D:1      | Reached XP level 2. HP: 12/20 MP: 4/5
   176 | D:1      | Reached skill level 1 in Conjurations
   801 | D:1      | Reached skill level 1 in Maces & Flails
   988 | D:1      | Reached XP level 3. HP: 16/28 MP: 6/6
  1708 | D:2      | Noticed Terence
  1742 | D:2      | Learned a level 3 spell: Conjure Flame
  2564 | D:3      | Reached XP level 4. HP: 22/35 MP: 5/8
  3014 | D:3      | Found a glowing drain. 3039
                  | sewer
                  | Entered the sewers 3109
                  | sewer
                  | Reached skill level 3 in Fire Magic 3224
                  | sewer
                  | Reached XP level 5. HP: 35/43 MP: 4/9 3377
                  | sewer
                  | Reached skill level 1 in Fighting 3765
                  | sewer
                  | Reached skill level 4 in Fire Magic 3800
                  | sewer
                  | Noticed Eleclight's ghost (average SEEE) 3800
                  | sewer
                  | Reached XP level 6. HP: 38/51 MP: 6/12 3811
                  | sewer
                  | Defeated Eleclight's ghost 3920
                  | sewer
                  | Learned a level 4 spell: Sticky Flame
  3934 | D:3      | Noticed Ijyb
  4541 | D:3      | Noticed Sigmund
  4562 | D:3      | Defeated Sigmund
  4562 | D:3      | Reached XP level 7. HP: 20/59 MP: 1/14
  5434 | D:4      | Reached skill level 5 in Fire Magic
  5797 | D:4      | Found a basalt altar of Yredelemnul.
  5936 | D:4      | Reached skill level 5 in Conjurations
  6050 | D:5      | Entered Level 5 of the Dungeon
  6076 | D:5      | Found a staircase to the Ecumenical Temple.
  6138 | Temple   | Entered the Ecumenical Temple
  6193 | Temple   | Became a worshipper of Vehumet
  6455 | D:5      | Noticed Grinder
  6461 | D:5      | Defeated Grinder
  6461 | D:5      | Reached XP level 8. HP: 57/66 MP: 10/18
  6879 | D:5      | Reached skill level 6 in Fire Magic
  6908 | D:5      | Reached skill level 5 in Spellcasting
  7161 | D:5      | Noticed a troll
  7167 | D:5      | Learned a level 2 spell: Swiftness
  7203 | D:5      | Found Yryc's Assorted Antiques.
  7214 | D:5      | Bought 2 inky potions for 43 gold pieces
  7214 | D:5      | Bought a black potion for 21 gold pieces
  7264 | D:6      | Noticed Puck's ghost (experienced SpAs)
  7299 | D:6      | Paralysed by a giant eyeball for 3 turns
  8002 | D:6      | Acquired Vehumet's first power
  9547 | D:6      | Defeated Puck's ghost
  9547 | D:6      | Reached XP level 9. HP: 73/76 MP: 15/20
 10066 | D:6      | Noticed a giant amoeba
 10088 | D:6      | Reached skill level 5 in Maces & Flails
 10108 | D:6      | Defeated a giant amoeba
 10120 | D:6      | Reached skill level 7 in Fire Magic
 10720 | D:7      | Noticed Prince Ribbit
 10734 | D:7      | Noticed Duvessa
 10751 | D:7      | Noticed Dowan
 10752 | D:7      | Defeated Duvessa
 10758 | D:7      | Noticed PillowLord's ghost (experienced DSCr)
 10758 | D:7      | Slain by Prince Ribbit
